 Dungeon Crawl Stone Soup version 0.17.1-2-g5865329 (webtiles) character file.

17 ololoev the Covered (level 2, -10/24 HPs)
             Began as a Demonspawn Fighter on Feb 12, 2016.
             Killed by divine providence
             ... invoked by an orc priest
              (12 damage)
             ... on level 4 of the Dungeon.
             The game lasted 00:01:31 (233 turns).

ololoev the Covered (Demonspawn Fighter)             Turns: 233, Time: 00:01:31

Health: -10/24     AC:  6    Str: 16    XL:     2   Next: 44%
Magic:  2/2        EV:  6    Int:  9    God:
Gold:   41         SH:  8    Dex: 12    Spells: 0 memorised, 1 level left

rFire  . . .     SeeInvis .     a - +0 war axe
rCold  . . .     Clarity  .     b - +0 scale mail
rNeg   . . .     SustAt   .     c - +0 shield
rPois  .         Gourm    .     (no helmet)
rElec  .         Spirit   .     (no cloak)
rCorr  .         Warding  .     (no gloves)
rMut   .         Stasis   .     (no boots)
MR     .....                    (no amulet)
Stlth  ..........               (no ring)
                                (no ring)

@: very slightly contaminated, hasted, very quick, not resistant to hostile
enchantments, extremely unstealthy
A: spiny 1
a: no special abilities


Innate Abilities, Weirdness & Mutations

You are partially covered in sharp spines.

Inventory:

Hand Weapons
 a - a +0 war axe (weapon)
Armour
 b - a +0 scale mail (worn)
 c - a +0 shield (worn)
Wands
 j - a wand of confusion (25)
Scrolls
 f - a scroll of immolation {unknown}
 g - 2 scrolls of remove curse {unknown}
 h - a scroll of identify {unknown}
Potions
 d - a potion of might
 i - a potion of haste
Comestibles
 e - a bread ration


   Skills:
 - Level 3.0 Fighting
 * Level 2.4 Axes
 + Level 3.1 Armour
 - Level 2.6 Shields


You had one spell level left.
You didn't know any spells.


You were on level 4 of the Dungeon.
You were not hungry.

You visited 1 branch of the dungeon, and saw 4 of its levels.

You collected 41 gold pieces.

#.#.. .#.....
#.#.#.# #.#.#.#
###.#.#.#
........#######
###.#..<.......
#...#.)...##...
#@......oa.
#..###.##...
#..# .# .# .#.#
.# o .##.# # #.
..# # .## .

Notes
Turn   | Place    | Note
--------------------------------------------------------------
     0 | D:1      | ololoev the Demonspawn Fighter began the quest for the Orb.
     0 | D:1      | Reached XP level 1. HP: 18/18 MP: 1/1
   208 | D:2      | Gained mutation: You are partially covered in sharp spines. [demonic ancestry]
   208 | D:2      | Reached XP level 2. HP: 12/24 MP: 2/2
   233 | D:4      | Killed from afar by an orc priest

Dungeon Overview and Level Annotations

Branches:
Dungeon (4/15)
 Temple: D:4-7

Altars:


Message History

You miss the adder. The adder bites you.
You are poisoned.
The adder poisons you! You block the adder's attack.
You miss the adder.
You feel sick. The adder bites you. The adder is struck by your spines.
The adder bites you.
Your scale mail prevents you from hitting the adder.
The adder is moderately wounded.
You block the adder's attack. The adder is struck by your spines.
The adder closely misses you.
You barely miss the adder.
The adder is almost dead.
You feel sick. You block the adder's attack.
The adder is struck by your spines.
You kill the adder!
Drink which item? (? for menu, Esc to quit)
It was a potion of haste.
You feel yourself speed up.
You are very lightly contaminated with residual magic.
You feel sick.
Found a stone staircase leading down.
There is a stone staircase leading down here.
You climb downwards.
Found a short sword.
Found a stone staircase leading down.
There is a stone staircase leading up here.
You feel sick.
You are no longer poisoned.
There is a stone staircase leading down here.
You climb downwards.
A quokka, a worker ant, an orc and an orc priest come into view.
The worker ant twitches its antennae in your direction.
The orc shouts!
The orc priest shouts!
Found a war axe, a bone wand and 15 gold pieces.
There is a stone staircase leading up here.
You see here a war axe.
The orc priest miscasts a cantrip.
You see here a bone wand.
j - a wand of confusion The orc priest invokes the aid of Beogh against you.
Something smites you!
Ouch! That really hurt!
You die...

You could see an orc priest.

Vanquished Creatures
  An adder (D:2)
  A bat (D:2)
  3 hobgoblins
  A kobold (D:1)
  2 rats
8 creatures vanquished.

Action                   || total
-------------------------++-------
Melee: War axe           ||    43
  Use: Potion            ||     1

Vault maps used:
D:1:      lightli_arrival_quake, minmay_stone_trees_medium, amethyst_killhole
D:3:      ashenzari_altar_1, okawaru_trees_2
D:4:      uniq_edmund
